 Dungeon Crawl Stone Soup version 0.17-a0-702-gb3a3556 (webtiles) character file.

82810 xeno23 the Carver (level 15, -2/201 HPs)
             Began as a Demonspawn Abyssal Knight on Apr 18, 2015.
             Was the Champion of Lugonu.
             Succumbed to Aizul's poison arrow
             ... on level 1 of the Snake Pit on Apr 19, 2015.
             The game lasted 03:59:31 (41775 turns).

xeno23 the Carver (Demonspawn Abyssal Knight)      Turns: 41775, Time: 03:59:31

Health: -2/201     AC: 41    Str: 24    XL:     15   Next: 30%
Magic:  23/23      EV: 19    Int: 13    God:    Lugonu [******]
Gold:   339        SH:  0    Dex: 21    Spells: 1 memorised, 11 levels left

rFire  . . .     SeeInvis +     C - +4 scimitar (venom)
rCold  . . .     Clarity  .     a - +15 Maxwell's patent armour {-Cast -Tele rElec MR+ rCorr} (curse)
rNeg   . . .     SustAb   .     (no shield)
rPois  .         Gourm    .     (helmet unavailable)
rElec  +         Spirit   .     (no cloak)
rCorr  +         Warding  .     Z - +2 pair of gloves {Dex+3}
rMut   .         NoTele   +     F - +1 pair of boots
MR     +++..     NoCast   +     m - amulet of rage
Stlth  ..........               S - +5 ring of protection
                                H - ring of protection from magic

@: mighty, agile, berserking (expiring), lethally poisoned (-2 -> -32), very
quick, extremely resistant to hostile enchantments, extremely unstealthy
A: antennae 3, rugged brown scales 1, nightstalker 3, powered by pain 1, robust
1
a: Depart the Abyss, Bend Space, Banish, Corrupt, Enter the Abyss, Renounce
Religion, Evoke Berserk Rage


You were on level 1 of the Snake Pit.
You worshipped Lugonu.
Lugonu was exalted by your worship.
You were not hungry.

You visited 5 branches of the dungeon, and saw 26 of its levels.
You visited the Abyss 1 time.
You visited 1 bazaar.
You also visited: Ice Cave.

You collected 2591 gold pieces.
You spent 2252 gold pieces at shops.

Inventory:

Hand weapons
 t - a +3 scimitar of flaming
 w - a +0 blowgun
 C - a +4 scimitar of venom (weapon)
Missiles
 O - 96 poisoned needles
Armour
 a - the cursed +15 Maxwell's patent armour (worn) {-Cast -Tele rElec MR+ rCorr}
   (You found it on level 1 of the Snake Pit)

   It insulates you from electricity.
   It affects your resistance to hostile enchantments.
   It prevents spellcasting.
   It prevents most forms of teleportation.
   It protects you from acid and corrosion.
   It has a curse placed upon it.
 o - the +5 fire dragon armour of Impermeability {rF++ rC- Str-3 Dex+7 Slay-3}
   (You bought it in a shop in a bazaar)

   It affects your strength (-3).
   It affects your dexterity (+7).
   It affects your accuracy and damage with ranged weapons and melee attacks
   (-3).
   It greatly protects you from fire.
   It makes you vulnerable to cold.
 F - a +1 pair of boots (worn)
 Z - a +2 pair of gloves of dexterity (worn)
Jewellery
 d - an uncursed amulet of stasis
 m - an amulet of rage (around neck)
 n - an uncursed ring of flight
 A - an uncursed ring of teleportation
 H - a ring of protection from magic (left hand)
 S - a +5 ring of protection (right hand)
 U - an uncursed ring of ice
Magical devices
 b - a wand of cold (11)
 h - a wand of enslavement (10)
 r - a wand of disintegration (12)
 x - a wand of digging (3)
Scrolls
 i - 2 scrolls of summoning
 q - 2 scrolls of fog
 u - 3 scrolls of recharging
 v - 4 scrolls of magic mapping
 y - 4 scrolls of teleportation
 N - 2 scrolls of blinking
 P - 3 scrolls of fear
 X - 8 scrolls of remove curse
Potions
 e - 2 potions of haste
 f - 2 potions of invisibility
 g - 3 potions of heal wounds
 l - 2 potions of brilliance
 p - 5 potions of might
 s - 3 potions of magic
 z - 7 potions of curing
 D - 3 potions of lignification
 G - 2 potions of restore abilities
 K - 2 potions of berserk rage
 T - 2 potions of agility
 W - a potion of ambrosia {unknown}
Miscellaneous
 V - a box of beasts
 Y - a phial of floods
Comestibles
 c - 16 bread rations
 j - a beef jerky
 B - 2 meat rations


   Skills:
 + Level 11.4 Fighting
 - Level 14.0 Long Blades
 * Level 10.9 Armour
 + Level 9.2 Dodging
 * Level 1.4 Stealth
 - Level 2.5 Charms
 - Level 2.5 Necromancy
 + Level 10.8 Invocations
 + Level 10.0 Evocations


You had 11 spell levels left.
You knew the following spells:

 Your Spells              Type           Power        Failure   Level  Hunger
a - Regeneration          Chrm/Necr      #.........   100%        3    ####...


Dungeon Overview and Level Annotations

Branches:
Dungeon (12/15) Temple (1/1) D:7 Lair (8/8) D:8 Swamp (0/5) Lair:4 Lair:6 Snake (1/5) Lair:4 Slime (0/6) Lair:7 Orc (4/4) D:12 Elf (0/3) Orc:4

Altars:
Ashenzari
Cheibriados
Dithmenos
Elyvilon
Fedhas
Gozag
Kikubaaqudgha
Makhleb
Nemelex Xobeh
Okawaru
Qazlal
Ru
Sif Muna
Trog
Vehumet
Xom
Yredelemnul
Zin
The Shining One

Shops:
D:8 [   Orc:1 (   Orc:2 =   Orc:4 :%}=

Annotations:
Snake:1 Aizul
Abyss:1 Sonja, Urug


Innate Abilities, Weirdness & Mutations

You have a pair of large antennae on your head (SInv).
You are partially covered in rugged brown scales (AC +1, +3% HP).
You are completely attuned to the shadows.
You sometimes gain a little power by taking damage.
You are robust (+10% HP).


Message History

You feel agile all of a sudden.
You take 21 damage.
* * * LOW HITPOINT WARNING * * *
You feel sick.
You take 2 damage.
You are too berserk!
You are too berserk!
Unknown command.
Unknown command.
You are too berserk!
You are too berserk!
Press: ? - help, v - describe, . - travel
Here: Aizul (severely wounded, poisoned)
The floor, spattered with blood.
Unknown command.
You are too berserk!
You are too berserk!
You are too berserk!
You feel a strong urge to attack something.
You die...

##.....# #.......#..##....
##.....## ##.8.8.##..######
...##...##### #.....#..# ##..
.#......##..# .........# ##..#
###......#.#####
##...##.####..##
.............#..#####..#.......
.##.....######.......##......#
............##.....##........
.......###.@###'###.........
.......##....S.............
..........................
...........).†............
.........................
..#......................
...#...÷)................#
#.......).....[))..######
##.......).......)#####


You could see Aizul.

Vanquished Creatures
  Rupert (Orc:3)
  Azrael (D:12)
  Josephine (Lair:8)
  2 hydras
  Harold (Lair:2)
  4 ogre magi (Orc:4)
  2 naga warriors (Snake:1)
  An anaconda (Snake:1)
  Erica (Lair:1)
  4 catoblepae
  14 death yaks (Lair:8)
  An ice statue (IceCv)
  4 hill giants
  2 griffons
  A necromancer (IceCv)
  A salamander (Snake:1)
  2 naga magi (Snake:1)
  3 cyclopes (D:12)
  8 elephants
  An ugly thing (D:10)
  Joseph (Lair:1)
  A torpor snail (Lair:6)
  14 black mambas
  A gargoyle (D:12)
  13 spiny frogs
  11 komodo dragons
  2 fire drakes
  14 two-headed ogres
  4 trolls
  A polar bear (Lair:8)
  A queen bee (Lair:2)
  10 freezing wraiths (IceCv)
  A boulder beetle (Lair:7)
  A trapdoor spider zombie (D:12)
  16 blink frogs
  4 slime creatures
  A spriggan (D:11)
  6 wraiths
  A basilisk (Lair:5)
  A fire elemental (D:12)
  35 yaks
  A death yak simulacrum (IceCv)
  A deep elf fighter (D:8)
  A hungry ghost (D:12)
  A human (D:11)
  A steam dragon (D:11)
  7 hippogriffs
  4 wargs
  11 porcupines
  8 nagas
  6 swamp worms (Lair:6)
  3 wolves (Lair:2)
  11 water moccasins
  3 hell hounds (D:12)
  15 orc warriors
  3 sky beasts
  Duvessa (D:6)
  3 phantoms
  2 black bears
  A necrophage (D:11)
  A wasp (D:11)
  An alligator simulacrum (IceCv)
  A boring beetle (Lair:8)
  17 ice beasts
  27 ogres
  7 centaurs
  19 crocodiles
  15 giant frogs
  A brain worm (Lair:8)
  A big kobold (D:7)
  Dowan (D:6)
  2 scorpions
  3 wyvern skeletons
  33 killer bees
  6 electric eels
  A quasit (D:12)
  3 giant frog zombies
  5 hounds
  A centaur zombie (D:7)
  A centaur skeleton (D:12)
  4 draconian simulacra (IceCv)
  7 jellies
  6 crimson imps
  19 orc priests
  Ijyb (D:2)
  2 giant frog skeletons
  Jessica (D:2)
  6 iguanas
  2 spriggan simulacra (IceCv)
  31 orc wizards
  A polar bear simulacrum (IceCv)
  3 troll simulacra (IceCv)
  A killer bee zombie (D:9)
  8 worker ants
  23 sheep
  A wolf simulacrum (IceCv)
  5 centaur simulacra (IceCv)
  A hound zombie (D:9)
  A hound skeleton (D:10)
  2 worker ant zombies
  An ogre simulacrum (IceCv)
  4 gnolls
  2 naga simulacra (IceCv)
  16 adders
  2 shadow imps (D:6)
  35 river rats
  12 white imps (IceCv)
  2 oozes
  2 adder zombies
  2 worms
  169 orcs
  2 ball pythons (D:2)
  15 bats
  A bat zombie (D:1)
  7 giant cockroaches
  19 goblins
  21 hobgoblins
  3 jackals (D:5)
  19 kobolds
  6 giant geckos
  4 giant newts
  A jackal skeleton (D:5)
  6 quokkas
  A quokka zombie (D:8)
  29 rats
  7 ballistomycetes (D:12)
  A fungus (Lair:2)
  A plant (Lair:2)
938 creatures vanquished.

Vanquished Creatures (others)
  A black mamba (Lair:1)
  A spiny frog (Lair:5)
  A warg (Orc:4)
  5 ogres (Orc:4)
  A centaur (D:4)
  A crocodile (Lair:7)
  A worker ant (D:6)
  2 troll simulacra (IceCv)
  An ogre simulacrum (IceCv)
  6 orcs
  A goblin (Orc:4)
  A giant spore (D:12)
  5 fungi
  2 plants
29 creatures vanquished.

Grand Total: 967 creatures vanquished

Notes
Turn   | Place    | Note
--------------------------------------------------------------
     0 | Abyss:1  | xeno23, the Demonspawn Abyssal Knight, began the quest for the Orb.
     0 | Abyss:1  | Reached XP level 1. HP: 18/18 MP: 2/2
    24 | Abyss:1  | Found an opulent altar of Gozag.
    52 | Abyss:1  | Noticed a small abomination
    62 | D:1      | Escaped the Abyss
    84 | D:1      | Reached skill level 1 in Dodging
   401 | D:1      | Gained mutation: You have a pair of small antennae on your head. [demonic ancestry]
   401 | D:1      | Reached XP level 2. HP: 18/24 MP: 3/3
   592 | D:1      | Acquired Lugonu's first power
  1369 | D:2      | Gained mutation: You are slightly more attuned to the shadows. [demonic ancestry]
  1369 | D:2      | Reached XP level 3. HP: 24/29 MP: 5/5
  1749 | D:2      | Noticed Jessica
  1893 | D:2      | Killed Jessica
  1893 | D:2      | Gained mutation: You sometimes gain a little power by taking damage. [demonic ancestry]
  1893 | D:2      | Reached XP level 4. HP: 20/35 MP: 6/6
  2489 | D:2      | Acquired Lugonu's second power
  2576 | D:2      | Noticed Ijyb
  2599 | D:2      | Killed Ijyb
  2729 | D:3      | Found a deep blue altar of Sif Muna.
  2782 | D:3      | Gained mutation: You are robust (+10% HP). [potion of beneficial mutation]
  2950 | D:3      | Reached XP level 5. HP: 46/46 MP: 7/7
  3444 | D:3      | Found an iron altar of Okawaru.
  3589 | D:4      | Reached skill level 4 in Fighting
  4103 | D:4      | Found an opulent altar of Gozag.
  4847 | D:4      | Acquired Lugonu's third power
  5109 | D:4      | Noticed a centaur
  5111 | D:4      | Banished a centaur
  5111 | D:4      | Reached skill level 1 in Evocations
  5111 | D:4      | Gained mutation: You are significantly more attuned to the shadows. [demonic ancestry]
  5111 | D:4      | Reached XP level 6. HP: 41/52 MP: 9/9
  5334 | D:5      | Entered Level 5 of the Dungeon
  6216 | D:5      | Reached skill level 5 in Invocations
  6216 | D:5      | Gained mutation: You have a pair of antennae on your head. [demonic ancestry]
  6216 | D:5      | Reached XP level 7. HP: 52/60 MP: 10/10
  6841 | D:5      | Found a snail-covered altar of Cheibriados.
  7067 | D:5      | Found a bloodstained altar of Trog.
  7068 | D:5      | Found a glowing silver altar of Zin.
  7449 | D:6      | Found a shadowy altar of Dithmenos.
  7513 | D:6      | Reached skill level 5 in Fighting
  7513 | D:6      | Reached skill level 6 in Invocations
  7975 | D:6      | Reached XP level 8. HP: 42/68 MP: 12/12
  8687 | D:6      | Noticed Duvessa
  8689 | D:6      | Noticed Dowan
  8707 | D:6      | Killed Duvessa
  8714 | D:6      | Killed Dowan
  8940 | D:6      | Acquired Lugonu's fourth power
  9026 | D:7      | Reached skill level 7 in Invocations
  9319 | D:7      | Found a staircase to the Ecumenical Temple.
  9369 | Temple   | Entered the Ecumenical Temple
  9667 | D:7      | Reached skill level 5 in Evocations
  9779 | D:7      | Reached XP level 9. HP: 71/75 MP: 14/14
 10682 | D:8      | Found Odiana's Antique Armour Emporium.
 10701 | D:8      | Reached skill level 8 in Invocations
 10751 | D:8      | Bought a polished chain mail for 256 gold pieces
 10762 | D:8      | Identified the cursed +0 chain mail of a sewer {Contam rC+ MR+ SInv} (You bought it in a shop on level 8 of the Dungeon)
 11199 | D:8      | Acquired Lugonu's fifth power
 11533 | D:8      | Found a staircase to the Lair.
 11571 | D:8      | Found a glowing golden altar of the Shining One.
 11581 | D:8      | Found an ancient bone altar of Kikubaaqudgha.
 11585 | D:8      | Found a stormy altar of Qazlal.
 11784 | D:8      | Reached skill level 9 in Invocations
 12172 | Lair:1   | Entered Level 1 of the Lair of Beasts
 12302 | Lair:1   | Noticed Urug
 12302 | Lair:1   | Noticed Joseph
 12303 | Lair:1   | Banished Urug
 12303 | Lair:1   | Reached XP level 10. HP: 86/86 MP: 16/16
 12329 | Lair:1   | Killed Joseph
 12329 | Lair:1   | Reached skill level 5 in Long Blades
 12329 | Lair:1   | Reached skill level 5 in Armour
 12468 | Lair:1   | Noticed a black mamba
 12469 | Lair:1   | Banished a black mamba
 13316 | Lair:1   | Noticed Erica
 13333 | Lair:1   | Killed Erica
 13333 | Lair:1   | Reached skill level 10 in Invocations
 13517 | Lair:1   | Noticed a black mamba
 13527 | Lair:1   | Killed a black mamba
 13753 | Lair:2   | Noticed Harold
 13773 | Lair:2   | Killed Harold
 13773 | Lair:2   | Reached skill level 5 in Dodging
 14075 | Lair:2   | Noticed Sonja
 14474 | Lair:2   | Banished Sonja
 14474 | Lair:2   | Reached XP level 11. HP: 71/95 MP: 18/18
 17222 | Lair:3   | Found an opulent altar of Gozag.
 18698 | Lair:4   | Found a frozen archway.
 18752 | IceCv    | Entered an ice cave
 18769 | IceCv    | Noticed an ice statue
 18770 | IceCv    | Noticed a necromancer
 18786 | IceCv    | Killed a necromancer
 18786 | IceCv    | Gained mutation: You have a pair of large antennae on your head (SInv). [demonic ancestry]
 18786 | IceCv    | Reached XP level 12. HP: 50/104 MP: 20/20
 18799 | IceCv    | Found an ancient bone altar of Kikubaaqudgha.
 19638 | IceCv    | HP: 3/104 [troll simulacrum (4)]
 20606 | IceCv    | Killed an ice statue
 21353 | Lair:4   | Found a staircase to the Snake Pit.
 21843 | Lair:4   | Found a staircase to the Swamp.
 22351 | Lair:4   | Reached skill level 10 in Evocations
 23066 | Lair:5   | Noticed a catoblepas
 23076 | Lair:5   | Killed a catoblepas
 23936 | Lair:6   | Gained mutation: You are partially covered in rugged brown scales (AC +1, +3% HP). [demonic ancestry]
 23936 | Lair:6   | Reached XP level 13. HP: 116/116 MP: 21/21
 23939 | Lair:6   | Reached skill level 10 in Fighting
 25505 | Lair:6   | Reached skill level 10 in Long Blades
 25692 | Lair:6   | Found a staircase to the Swamp.
 26422 | Lair:7   | Got a crystal hand axe
 26423 | Lair:7   | Identified the cursed +2 hand axe "Beetleslayer" {chop, +Inv Int+5} (You found it on level 7 of the Lair of Beasts)
 26705 | Lair:7   | Reached skill level 11 in Long Blades
 26958 | Lair:7   | Found a staircase to the Slime Pits.
 28694 | Lair:8   | Entered Level 8 of the Lair of Beasts
 28694 | Lair:8   | Noticed Josephine
 28939 | Lair:7   | Reached skill level 12 in Long Blades
 29039 | Lair:8   | Killed Josephine
 29454 | Lair:8   | Reached XP level 14. HP: 124/124 MP: 22/22
 29715 | Lair:8   | Reached skill level 13 in Long Blades
 30893 | Lair:8   | Reached skill level 14 in Long Blades
 32576 | D:10     | Entered Level 10 of the Dungeon
 34590 | D:12     | Got a crystal great mace
 34591 | D:12     | Identified the +6 great mace of Masomn {venom, Noisy Int+7 Stlth+} (You found it on level 12 of the Dungeon)
 35007 | D:12     | Reached skill level 10 in Armour
 35489 | D:12     | Noticed Azrael
 35517 | D:12     | Killed Azrael
 35756 | D:12     | Found a staircase to the Orcish Mines.
 35911 | D:12     | Got a dazzling quarterstaff
 35934 | D:12     | Identified the +7 quarterstaff of Exhibitionism {venom, rC++ MR+} (You found it on level 12 of the Dungeon)
 36133 | D:12     | Found a deep blue altar of Sif Muna.
 36863 | Orc:1    | Entered Level 1 of the Orcish Mines
 36911 | Orc:1    | Found Sounyziu's Antique Weapon Emporium.
 37479 | Orc:1    | Found a bloodstained altar of Trog.
 37989 | Orc:3    | Noticed Rupert
 38002 | Orc:3    | Killed Rupert
 38643 | Orc:2    | Found Exubol's Jewellery Shoppe.
 38677 | Orc:2    | Bought a cursed -5 ring of slaying for 28 gold pieces
 38823 | Orc:4    | Entered Level 4 of the Orcish Mines
 39034 | Orc:4    | Found a staircase to the Elven Halls.
 39127 | Orc:4    | Found a flickering gateway to a bazaar.
 39135 | Bazaar   | Entered a bazaar
 39142 | Bazaar   | Found Pic Aphonwipn's Jewellery Boutique.
 39160 | Bazaar   | Found Potary's Antique Armour Emporium.
 39177 | Bazaar   | Found Plog's Book Boutique.
 39194 | Bazaar   | Found Asharch's Distillery.
 39246 | Bazaar   | Bought a book of Necromancy for 360 gold pieces
 39261 | Bazaar   | Bought a potion of poison for 16 gold pieces
 39293 | Bazaar   | Bought an encrusted fire dragon armour for 1105 gold pieces
 39304 | Bazaar   | Identified the +5 fire dragon armour of Impermeability {rF++ rC- Str-3 Dex+7 Slay-3} (You bought it in a shop in a bazaar)
 39308 | Bazaar   | Bought a glowing plate armour for 391 gold pieces
 39378 | Bazaar   | Bought a potion of curing for 48 gold pieces
 39378 | Bazaar   | Bought a potion of curing for 48 gold pieces
 39398 | Bazaar   | Learned a level 3 spell: Regeneration
 39525 | Orc:4    | Gained mutation: You are completely attuned to the shadows. [demonic ancestry]
 39525 | Orc:4    | Reached XP level 15. HP: 132/132 MP: 23/23
 39532 | Orc:4    | Reached skill level 1 in Charms
 39532 | Orc:4    | Reached skill level 1 in Necromancy
 39899 | Orc:4    | Found Asaodeq's Book Emporium.
 39899 | Orc:4    | Found Teogg's Food Shop.
 39900 | Orc:4    | Found Carof's Jewellery Shoppe.
 39900 | Orc:4    | Found Uggewum's Gadget Shop.
 40547 | Lair:1   | Upgraded the game from 0.17-a0-670-g5d95ebd to 0.17-a0-702-gb3a3556
 40658 | Snake:1  | Entered Level 1 of the Snake Pit
 41253 | Snake:1  | Reached skill level 1 in Stealth
 41757 | Snake:1  | Noticed Aizul
 41773 | Snake:1  | HP: 3/201 [Aizul/poison arrow (21)]
 41774 | Snake:1  | HP: 1/201 [poisoned by Aizul (poison arrow)]
 41775 | Snake:1  | Succumbed to Aizul's poison arrow

Action                   |  1- 3 |  4- 6 |  7- 9 | 10-12 | 13-15 || total
-------------------------+-------+-------+-------+-------+-------++-------
Melee: Falchion          |   122 |   241 |   713 |    57 |       ||  1133
       Scimitar          |       |       |       |   860 |  1879 ||  2739
       Great mace        |       |       |       |       |    22 ||    22
 Fire: Hunting sling     |       |       |     2 |       |       ||     2
       Blowgun           |       |       |     9 |    45 |     1 ||    55
Throw: Javelin           |       |     2 |    16 |    25 |    14 ||    57
       Tomahawk          |       |     1 |     5 |       |       ||     6
Invok: Depart the Abyss  |     1 |       |       |       |       ||     1
       Banish            |       |     1 |     2 |     7 |       ||    10
       Bend Space        |       |       |       |     3 |     5 ||     8
 Abil: Evoke Berserk Rag |       |     2 |     8 |    31 |    24 ||    65
       Evoke Flight      |       |       |       |     2 |     2 ||     4
       Evoke Teleportati |       |       |       |     2 |     1 ||     3
Evoke: Wand              |       |     3 |     3 |    16 |     3 ||    25
       Box of beasts     |       |       |       |       |     1 ||     1
       Phial of floods   |       |       |       |       |     1 ||     1
  Use: Scroll            |     4 |    14 |     9 |    10 |     9 ||    46
       Potion            |       |     1 |       |     4 |     2 ||     7
 Stab: Sleeping          |       |     3 |     6 |       |     1 ||    10
       Distracted        |       |       |     3 |       |     1 ||     4
  Eat: Chunk             |     3 |    23 |    21 |    26 |    61 ||   134
       Fruit             |       |       |     1 |     3 |       ||     4
       Royal jelly       |       |       |     1 |     1 |       ||     2
       Beef jerky        |       |       |       |     4 |     2 ||     6
       Bread ration      |       |       |       |     2 |       ||     2
       Meat ration       |       |       |       |     3 |     1 ||     4
       Pizza             |       |       |       |     1 |     6 ||     7
